 Dungeon Crawl Stone Soup version 0.30-a0-424-g7412bad402 (webtiles) character file.

Game seed: 9032827101406985417

642 Majang the Cutter (level 7, -9/67 HPs)
             Began as a Vampire Brigand on Dec 9, 2022.
             Was an Initiate of Ru.
             Mangled by a yak (11 damage)
             ... on level 4 of the Dungeon.
             The game lasted 00:16:33 (4171 turns).

Majang the Cutter (Vampire Brigand)                 Turns: 4171, Time: 00:16:34

Health: -9/67      AC:  6    Str:  8 (10) XL:     7   Next: 26%
Magic:  7/7        EV: 12    Int: 13 (14) God:    Ru [......]
Gold:   253        SH:  0    Dex: 15 (17) Spells: 6/6 levels left

rFire   . . .      SeeInvis +    a - +2 dagger
rCold   . . .      Faith    .    (no shield)
rNeg    . . .      Spirit   .    b - +0 robe
rPois   +          Reflect  .    (no helmet)
rElec   .          Harm     .    v - +0 cloak {rPois}
rCorr   .          Rampage  .    s - +1 Delatra's gloves {ID++}
Will    .....                    p - +0 pair of boots
Stlth   ..........               (no amulet)
HPRegen 0.51/turn                (no ring)
MPRegen 0.10/turn                (no ring)

@: berserking, healing quickly, very quick
A: alive, fangs 3, see invisible, vampiric 2, [frail 1]
a: Exsanguinate, Renounce Religion


You were on level 4 of the Dungeon.
You worshipped Ru.
Ru was noncommittal.
You visited 2 branches of the dungeon, and saw 6 of its levels.

You collected 253 gold pieces.

Inventory:

Hand Weapons
 a - a +2 dagger (weapon)
 n - a +0 falchion
 r - a +0 dagger of speed
Missiles
 d - 9 poisoned darts (quivered)
 e - 3 curare-tipped darts
Armour
 b - a +0 robe (worn)
 p - a +0 pair of boots (worn)
 s - the +1 Delatra's gloves (worn) {ID++}
   (You found it on level 3 of the Dungeon)

   It heals its wearer when they drink unknown potions.
   It restores its wearer's MP when they read unknown scrolls.
 v - a +0 cloak of poison resistance (worn)
Wands
 t - a wand of flame (26)
Scrolls
 c - a scroll of blinking {unknown}
 f - 9 scrolls of teleportation {unknown}
 h - 7 scrolls of identify {unknown}
 i - a scroll of immolation {unknown}
 j - 2 scrolls of amnesia {unknown}
 m - a scroll of fear {unknown}
Potions
 g - 3 potions of brilliance {unknown}
 k - 2 potions of mutation {unknown}
 o - 5 potions of curing {unknown}
 u - 2 potions of degeneration {unknown}


   Skills:
 + Level 2.7 Fighting
 * Level 7.2 Short Blades
 + Level 2.5 Throwing
 + Level 2.6 Dodging
 + Level 6.9 Stealth


You had 6 spell levels left.
You didn't know any spells.
Your spell library contained the following spells:

 Spells                   Type           Power      Damage    Failure   Level
 Blink                    Tloc           0%         N/A       43%         2
 Momentum Strike          Conj/Tloc      0%         3d8       43%         2
 Lesser Beckoning         Tloc           0%         N/A       67%         3


Dungeon Overview and Level Annotations

Branches:
Dungeon (5/15)             Temple (1/1) D:4

Altars:
Ashenzari
Cheibriados
Dithmenos
Fedhas
Gozag
Hepliaklqana
Kikubaaqudgha
Makhleb
Nemelex Xobeh
Okawaru
Qazlal
Ru
Sif Muna
Uskayaw
Vehumet
Xom
Yredelemnul


Innate Abilities, Weirdness & Mutations

Your natural rate of healing is accelerated.
You have razor-sharp teeth.
You have supernaturally acute eyesight. (SInv)
You are afflicted with vampirism and can become a bat while bloodless.
[You are frail. (-10% HP)]


Message History

The yak is moderately wounded.
You hit the yak. Your bite misses the yak.
The yak is moderately wounded.
The yak gores you. x2
It was a potion of magic.
Magic courses through your body.
The energy of discovery flows from your fingertips!
You feel much better. The yak gores you. The yak gores you!
You hit the yak but do no damage.
The yak is moderately wounded.
The yak gores you. x2
You hit the yak.
The yak is moderately wounded.
You barely miss the yak.
The yak is moderately wounded.
The yak gores you!
* * * LOW HITPOINT WARNING * * *
The yak gores you but does no damage.
It was a potion of berserk rage.
A red film seems to cover your vision as you go berserk!
You feel yourself moving faster!
You feel mighty!
The energy of discovery flows from your fingertips!
You feel much better. The yak gores you. x2
You hit the yak.
The yak is moderately wounded.
You puncture the yak! Your bite misses the yak.
The yak is heavily wounded.
The yak gores you!
* * * LOW HITPOINT WARNING * * *
The yak gores you!
* * * LOW HITPOINT WARNING * * *
Unknown command.
You are too berserk!
You are too berserk!
Unknown command.
You barely miss the yak. Your bite misses the yak.
The yak is heavily wounded.
You hit the yak. You bite the yak.
The yak is severely wounded.
The yak gores you!
You die...

#### #############
...# #...........#
...# #.#########.#
...# #)# #.# ...#
#.# #.# ...# #.#
#.# ..(# #.# #.#
...##########.####
#.#
...........^...Y@#
#.#
##..#########.##Y#
#.# ....# #.##.#
#.# #...# #....#
#.# ##..# ####.#
#.# .#..# #.# #.#
.#..# #.# #.#
.#.## #.# #.# ⌠#.#
##.# #.#


You could see 2 yaks.

Vanquished Creatures
  2 yaks
  A phantom (D:5)
  A scorpion (D:4)
  Crazy Yiuf (D:3)
  An iguana (D:4)
  Natasha (thrice) (D:3)
  4 adders
  A worm (D:2)
  2 dart slugs (D:2)
  4 orcs
  6 ball pythons
  8 endoplasms
  4 giant cockroaches
  5 goblins
  7 hobgoblins
  5 kobolds
  3 quokkas
  5 bats
  2 frilled lizards (D:2)
  2 rats (D:2)
67 creatures vanquished.

Notes
Turn   | Place    | Note
-------+----------+-------------------------------------------
     0 | D:1      | Majang the Vampire Brigand began the quest for the Orb.
     0 | D:1      | Reached XP level 1. HP: 16/16 MP: 1/1
    81 | D:1      | Reached skill level 3 in Short Blades
   142 | D:1      | Reached XP level 2. HP: 17/17 MP: 2/2
   595 | D:2      | Gained mutation: You are afflicted with vampirism and can
                  | become a bat while bloodless. [Vampire growth]
   595 | D:2      | Reached XP level 3. HP: 21/21 MP: 3/3
   614 | D:2      | Reached skill level 4 in Short Blades
   689 | D:2      | Found a faded altar of an unknown god.
  1627 | D:3      | Reached XP level 4. HP: 26/26 MP: 4/4
  1749 | D:3      | Found a shimmering blue altar of Sif Muna.
  1781 | D:3      | Found a runed translucent door.
  1782 | D:3      | Noticed Crazy Yiuf
  1784 | D:3      | You fall into a shaft and drop 1 floor!
  1901 | D:4      | Reached skill level 5 in Short Blades
  2077 | D:3      | Found the +1 Delatra's gloves {ID++}
  2145 | D:3      | Noticed Natasha
  2149 | D:3      | Killed Natasha
  2150 | D:3      | Reached XP level 5. HP: 30/30 MP: 5/5
  2349 | D:3      | Noticed Natasha
  2359 | D:3      | Killed Natasha
  2360 | D:3      | Reached skill level 6 in Short Blades
  2446 | D:3      | Noticed Natasha
  2455 | D:3      | Killed Natasha
  2736 | D:3      | Killed Crazy Yiuf
  2839 | D:4      | Found a large runed translucent door.
  2840 | D:4      | Found a large runed translucent door.
  2868 | D:4      | Found a hide-covered altar of Uskayaw.
  2868 | D:4      | Noticed a +0 short sword
  2868 | D:4      | Noticed a +0 dagger
  2869 | D:4      | Noticed a +0 short sword
  2869 | D:4      | Noticed a +0 falchion
  2885 | D:4      | Noticed a +0 falchion
  2890 | D:4      | Noticed a +0 spear
  2890 | D:4      | Noticed a +0 spear
  2891 | D:4      | Noticed a +0 dagger
  3231 | D:4      | Found a staircase to the Ecumenical Temple.
  3243 | Temple   | Entered the Ecumenical Temple
  3340 | Temple   | Became a worshipper of Ru the Awakened
  3532 | D:4      | Found a shadowy altar of Dithmenos.
  3547 | D:4      | Reached XP level 6. HP: 19/35 MP: 6/6
  3814 | D:4      | Found a burning altar of Makhleb.
  3872 | D:5      | Entered Level 5 of the Dungeon
  3920 | D:5      | Noticed a yak
  3923 | D:5      | Noticed a yak
  3924 | D:5      | Noticed a yak
  3924 | D:5      | Noticed a yak
  3925 | D:5      | Killed a yak
  3928 | D:5      | Noticed a yak
  3928 | D:5      | Noticed a yak
  4073 | D:4      | Killed a yak
  4074 | D:4      | Reached skill level 7 in Short Blades
  4074 | D:4      | Reached XP level 7. HP: 12/45 MP: 7/7
  4169 | D:4      | HP: 1/67 [yak (10)]
  4171 | D:4      | Mangled by a yak

Illustrated notes

Levels and vault maps discovered:
D:1:      minmay_arrival_radiant_lines, layout_basic, amethyst_killhole
D:2:      layout_basic, nicolae_ecumenical_snake_handling
D:3:      layout_basic, mainiacjoe_overflow_paths, uniq_natasha,
          uniq_crazy_yiuf_cottage
D:4:      layout_basic, nicolae_uskayaw_en_pointe, jmf_multi_god_temple2,
          lemuel_temple_firewalk_b
D:5:      layout_layer_cave
Temple:   nicolae_temple_bog_church

Skill      XL: |  1  2  3  4  5  6 |
---------------+-------------------+-----
Short Blades   | 3 4 5 6 7 |  7.2
Stealth        | 6 |  6.9
Fighting       | 2 |  2.7
Throwing       | 2 |  2.5
Dodging        | 2 |  2.6

Action                   |  1- 3 |  4- 6 |  7- 9 || total
-------------------------+-------+-------+-------++-------
Melee: Dagger            |   104 |   119 |    13 ||   236
       Bite              |    10 |     9 |     1 ||    20
       Punch             |       |     1 |       ||     1
 Abil: Exsanguinate      |     1 |       |       ||     1
       Bat Form          |       |     1 |       ||     1
       Revivify          |       |     1 |       ||     1
  Use: Potion            |       |       |     2 ||     2
 Stab: Sleeping          |    22 |    10 |       ||    32
Armor: Robe              |    11 |    13 |     1 ||    25
Dodge: Dodged            |    55 |    49 |     2 ||   106

Table legend: (Time is in decaauts)
 A = Elapsed time spent in this place.
 B = Non-inter-level travel time spent in this place.
 C = Inter-level travel time spent in this place.
 D = Time resting spent in this place.
 E = Time spent auto-exploring this place.
 F = Levels seen in this place.
 G = Mean time per level.
                   A        B        C        D        E       F      G
               +--------+--------+--------+--------+--------+-----+--------+
         Total |   4103 |   3938 |    165 |    574 |   2342 |   6 |  683.8 |
       Dungeon |   3987 |   3860 |    127 |    574 |   2342 |   5 |  797.4 |
        Temple |    115 |     77 |     38 |      0 |      0 |   1 |  115.0 |
               +--------+--------+--------+--------+--------+-----+--------+

Top non-repeatable levels by time:
     D:4: 1376 daAuts
     D:2: 1011 daAuts
     D:3: 979 daAuts
     D:1: 511 daAuts
  Temple: 115 daAuts
     D:5: 109 daAuts
